 Dungeon Crawl Stone Soup version 0.27-a0-931-g5a74e75d8f (webtiles) character file.

Game seed: 13849163488989283390

107 wakim the Insei (level 4, 0/28 HPs)
             Began as an Octopode Transmuter on Apr 10, 2021.
             Slain by an orc wizard
             ... wielding a +0 dagger
              (3 damage)
             ... on level 3 of the Dungeon.
             The game lasted 00:16:30 (3233 turns).

wakim the Insei (Octopode Transmuter)               Turns: 3233, Time: 00:16:30

Health: 0/28       AC:  1    Str:  9    XL:     4   Next: 85%
Magic:  7/7        EV: 13    Int: 22    God:
Gold:   130        SH:  0    Dex: 12    Spells: 6/7 levels left

rFire    . . .     SeeInvis .     - Unarmed
rCold    . . .     Faith    .   (no shield)
rNeg     . . .     Spirit   .   (helmet currently unavailable)
rPois    .         Reflect  .   (no amulet)
rElec    .         Harm     .   c - +6 ring of intelligence
rCorr    .         Rampage  .   (no ring)
Will     .....                  (no ring)
Stlth    +++.......             (no ring)
HPRegen  0.09/turn              (no ring)
MPRegen  0.10/turn              (no ring)
                                (no ring)
                                (no ring)

@: appendages (expiring)
A: tentacle spike 3, almost no armour, amphibious, 8 rings, camouflage 1,
gelatinous body 1, (nimble swimmer 1), tentacles
a: End Transformation


You were on level 3 of the Dungeon.
One of your tentacles had grown a beastly spike.
You visited 1 branch of the dungeon, and saw 3 of its levels.

You collected 130 gold pieces.

Inventory:

Jewellery
 c - a +6 ring of intelligence (left tentacle)
Scrolls
 r - 2 scrolls of identify


   Skills:
 - Level 1.0 Fighting
 + Level 2.7 Dodging
 * Level 3.8 Stealth
 * Level 4.1 Unarmed Combat
 - Level 2.0 Spellcasting
 - Level 2.0 Transmutations


You had 6 spell levels left.
You knew the following spells:

 Your Spells              Type           Power      Damage    Failure   Level
a - Beastly Appendage     Tmut           22%        N/A       6%          1

Your spell library contained the following spells:

 Spells                   Type           Power      Damage    Failure   Level
 Wereblood                Tmut           11%        N/A       9%          2
 Spider Form              Tmut/Pois      3%         N/A       26%         3
 Ice Form                 Ice/Tmut       6%         N/A       65%         4
 Hydra Form               Tmut           5%         N/A       86%         5


Dungeon Overview and Level Annotations

Branches:
Dungeon (3/15)

Altars:
Kikubaaqudgha

Shops:
D:1 ?=[


Innate Abilities, Weirdness & Mutations

One of your tentacles has grown a beastly spike.
You cannot wear most types of armour.
You are amphibious.
You can wear up to eight rings at the same time.
Your skin changes colour to match your surroundings (Stealth+).
Your rubbery body absorbs attacks. (AC +1, EV +1)
((You are camouflaged near water. (Stealth+)))
You have tentacles for arms and can constrict up to eight enemies at once.


Message History

You pierce the orc wizard, but do no damage.
You squeeze the orc wizard.
The orc wizard is moderately wounded.
The orc shouts!
The orc wizard casts a spell at you. The puff of flame hits you!
You tentacle-slap the orc wizard but do no damage.
Your grab misses the orc wizard.
The orc wizard is moderately wounded.
An orc comes into view. It is wielding a +0 club.
The orc wizard misses you.
You tentacle-slap the orc wizard. Your grab misses the orc wizard.
Your tentacle spike misses the orc wizard.
The orc wizard is heavily wounded.
Your transformation is almost over.
The orc wizard hits you with a +0 dagger.
* * * LOW HITPOINT WARNING * * *
You closely miss the orc wizard. Your grab misses the orc wizard.
Your tentacle spike misses the orc wizard.
The orc wizard is heavily wounded.
The orc wizard points at itself and mumbles some strange words.
The orc wizard flickers and vanishes!
Deactivating autopickup; reactivate with Ctrl-A.
You miss something. Something hits you.
* * * LOW HITPOINT WARNING * * *
You aren't carrying any potions.
Unknown command.
Okay, then.
You tentacle-slap something.
Your tentacle spike misses something.
Something hits you.
* * * LOW HITPOINT WARNING * * *
You aren't carrying any items that you can evoke.
You aren't carrying any items that you can evoke.
Unknown command.
You barely miss something. Your squeeze misses something. Something hits you.
* * * LOW HITPOINT WARNING * * *
You barely miss something. Something hits you.
* * * LOW HITPOINT WARNING * * *
You closely miss something. Something hits you.
You die...

## ... .... .....
########
.##...###########.......
.....o{@................
###..o########..........
#.. ######.......... ...
................. ###
##.........#####.
#.........# #.
#.........# #.
#.........# #.
######....# #.


You could see 2 orcs.

Vanquished Creatures
  3 gnolls (D:3)
  An adder (D:2)
  2 dart slugs
  6 bats
  8 endoplasms
  A giant cockroach (D:2)
  2 hobgoblins (D:1)
  13 jackals
  6 ball pythons
  2 frilled lizards (D:2)
  5 goblins
  5 kobolds
  6 rats
60 creatures vanquished.

Notes
Turn   | Place    | Note
-------+----------+-------------------------------------------
     0 | D:1      | wakim the Octopode Transmuter began the quest for the Orb.
     0 | D:1      | Reached XP level 1. HP: 13/13 MP: 3/3
    59 | D:1      | Found Yxin Hia's Magic Scroll Shoppe.
   223 | D:1      | Reached skill level 1 in Stealth
   237 | D:1      | Found Xikleom's Jewellery Shoppe.
   254 | D:1      | Reached XP level 2. HP: 15/18 MP: 3/5
  1146 | D:1      | Reached XP level 3. HP: 22/23 MP: 4/6
  1392 | D:1      | Found Xeegiabbi's Antique Armour Boutique.
  1523 | D:2      | Found an ancient bone altar of Kikubaaqudgha.
  2537 | D:3      | Reached XP level 4. HP: 22/28 MP: 5/7
  2616 | D:3      | Found a faded altar of an unknown god.
  2963 | D:3      | Reached skill level 4 in Unarmed Combat
  3233 | D:3      | Slain by an orc wizard

Illustrated notes

Levels and vault maps discovered:
D:1:      mainiacjoe_arrival_reflecting_pool, layout_basic, serial_shops, shop,
          nicolae_shop_temple_entry_statues_fountains,
          nicolae_shop_behind_doors, minmay_crystal_water, chequers_mini_garden,
          lemuel_flame_loot_1
D:2:      layout_basic, basic_altar, lemuel_old_faithful
D:3:      layout_basic, ebering_ecumenical_altar_webs

Skill      XL: |  1  2  3  4 |
---------------+-------------+-----
Stealth        | 1 2 3 |  3.8
Unarmed Combat | 4 |  4.1
Fighting       | |  1.0
Dodging        | |  2.7
Spellcasting   | |  2.0
Transmutations | |  2.0

Action                   |  1- 3 |  4- 6 || total
-------------------------+-------+-------++-------
Melee: Unarmed           |    89 |    43 ||   132
       Constrict         |    28 |     9 ||    37
       Kick              |    17 |     9 ||    26
       Punch             |     3 |       ||     3
       Tentacles         |    14 |     6 ||    20
 Cast: Beastly Appendage |    27 |    13 ||    40
  Use: Scroll            |     6 |       ||     6
 Stab: Sleeping          |     8 |     1 ||     9
Armor: Skin              |     8 |     1 ||     9
Dodge: Dodged            |    40 |    13 ||    53

Table legend: (Time is in decaauts)
 A = Elapsed time spent in this place.
 B = Non-inter-level travel time spent in this place.
 C = Inter-level travel time spent in this place.
 D = Time resting spent in this place.
 E = Time spent auto-exploring this place.
 F = Levels seen in this place.
 G = Mean time per level.
                   A        B        C        D        E       F      G
               +--------+--------+--------+--------+--------+-----+--------+
         Total |   3226 |   3066 |    160 |    213 |   2353 |   3 | 1075.3 |
       Dungeon |   3226 |   3066 |    160 |    213 |   2353 |   3 | 1075.3 |
               +--------+--------+--------+--------+--------+-----+--------+

Top non-repeatable levels by time:
     D:1: 1517 daAuts
     D:2: 1153 daAuts
     D:3: 556 daAuts
